 Dungeon Crawl Stone Soup version 0.30-a0-373-gd37427bb62 (webtiles) character file.

Game seed: 7315061100242320562

164 nomicflux the Digger (level 5, -1/45 HPs)
             Began as a Draconian Earth Elementalist on Nov 23, 2022.
             Was an Initiate of Qazlal.
             Succumbed to a kobold brigand's curare-tipped dart
             ... on level 3 of the Dungeon.
             The game lasted 00:07:11 (3784 turns).

nomicflux the Digger (Draconian Earth Elementalist) Turns: 3784, Time: 00:07:12

Health: -1/45      AC:  7    Str: 10    XL:     5   Next: 21%
Magic:  6/8        EV: 12    Int: 17    God:    Qazlal [......]
Gold:   214        SH:  0    Dex: 12    Spells: 2/8 levels left

rFire   . . .      SeeInvis +    c - +1 short sword
rCold   . . .      Faith    .    (no shield)
rNeg    . . .      Spirit   .    (body armour unavailable)
rPois   .          Reflect  .    (helmet restricted)
rElec   .          Harm     .    (no cloak)
rCorr   .          Rampage  .    q - +1 pair of gloves
Will    .....                    (no boots)
Stlth   ++........               (no amulet)
HPRegen 0.27/turn                j - ring of see invisible
MPRegen 0.11/turn                (no ring)

@: lethally poisoned (-1 -> -5), slowed, very slow
A: AC +5, unfitting armour, cold-blooded
a: Renounce Religion


You were on level 3 of the Dungeon.
You worshipped Qazlal.
Qazlal was noncommittal.
You visited 1 branch of the dungeon, and saw 4 of its levels.

You collected 214 gold pieces.

Inventory:

Hand Weapons
 c - a +1 short sword (weapon)
Armour
 q - a +1 pair of gloves (worn)
Jewellery
 j - a ring of see invisible (left hand)
Wands
 g - a wand of charming (14)
 h - a wand of iceblast (9)
Scrolls
 d - a scroll of identify
 f - a scroll of amnesia
Potions
 a - 2 potions of magic
 b - a potion of mutation
 e - 2 potions of lignification
 k - 3 potions of curing
 m - 2 potions of attraction
 n - a potion of brilliance {unknown}
 r - a potion of haste {unknown}


   Skills:
 + Level 3.3 Fighting
 - Level 1.7 Dodging
 - Level 1.7 Stealth
 - Level 2.0 Spellcasting
 + Level 1.9 Conjurations
 - Level 1.0 Transmutations
 + Level 4.4 Earth Magic


You had 2 spell levels left.
You knew the following spells:

 Your Spells              Type           Power      Damage    Failure   Level
a - Sandblast             Erth           32%        2d9       3%          1
b - Stone Arrow           Conj/Erth      24%        3d8       16%         3
c - Passwall              Tmut/Erth      8%         N/A       10%         2

Your spell library contained the following spells:

 Spells                   Type           Power      Damage    Failure   Level
 Kindle Blastsparks       Fire/Tloc/Air  2%         2d10      50%         3
 Petrify                  Tmut/Erth      10%        N/A       54%         4
 Lee's Rapid Deconstruct  Erth           8%         3d7*      65%         5
 Fulminant Prism          Conj/Hex       2%         3d5       78%         4
 Iskenderun's Mystic Bla  Conj/Tloc      4%         2d3       78%         4


Dungeon Overview and Level Annotations

Branches:
Dungeon (4/15)
 Temple: D:4-7

Altars:
Dithmenos
Elyvilon
Fedhas
Hepliaklqana
Kikubaaqudgha
Qazlal
Trog
Yredelemnul


Innate Abilities, Weirdness & Mutations

Your plain brown scales are hard. (AC +5)
You cannot fit into any form of body armour.
You are cold-blooded and may be slowed by cold attacks.


Message History

The kobold brigand is moderately wounded.
The kobold brigand throws a curare-tipped dart.
The curare-tipped dart closely misses you.
The kobold brigand throws a curare-tipped dart.
The curare-tipped dart hits you.
You are poisoned.
You have difficulty breathing.
You feel yourself slow down.
Casting: Sandblast (safe; 3% risk of failure)
Confirm with . or Enter, or press ? or * to list all spells.
Aiming: Sandblast (safe; 3% risk of failure)
Press: ? - help, Shift-Dir - straight line, f/p - kobold brigand
Aim: a kobold brigand, wielding a +0 dagger and quivering curare-tipped darts (moderately wounded, 77% to hit)
The blast of sand hits the kobold brigand.
The kobold brigand is heavily wounded.
You feel extremely sick.
The kobold brigand throws a curare-tipped dart.
The curare-tipped dart hits you.
You are more poisoned.
You have difficulty breathing.
You feel as though you will be slow longer.
Unknown command.
Casting: Sandblast (safe; 3% risk of failure)
Confirm with . or Enter, or press ? or * to list all spells.
Aiming: Passwall (safe; 10% risk of failure)
Press: ? - help, Dir - move target, f - you, p - kobold brigand Please select a wall.
An open door.
Okay, then.
Unknown command.
* * * LOW HITPOINT WARNING * * *
You feel extremely sick.
* * * LOW HITPOINT WARNING * * *
You feel very sick. The kobold attacks as you move away!
The kobold hits you but does no damage.
* * * LOW HITPOINT WARNING * * *
You feel very sick.
There is an escape hatch in the ceiling here.
* * * LOW HITPOINT WARNING * * *
You feel sick. The kobold closely misses you.
A mysterious force pulls you upwards. The hatch slams shut behind you.
You die...

#########..#
...........#
##########.# ## #.#
.# #.# .# #.#
.##### #.# ..†..#
#.####### ...#.#
#......@# ##...#
#######.#
.#...###########.##
.#................#
...################
####


There were no monsters in sight!

Vanquished Creatures
  A hound (D:4)
  An iguana (D:4)
  A gnoll (D:1)
  3 adders
  2 worms
  5 dart slugs
  4 orcs
  4 endoplasms
  A giant cockroach (D:2)
  5 goblins
  8 hobgoblins
  2 quokkas
  2 ball pythons
  4 bats
  3 frilled lizards
  6 kobolds
  2 rats (D:1)
54 creatures vanquished.

Notes
Turn   | Place    | Note
-------+----------+-------------------------------------------
     0 | D:1      | nomicflux the Draconian Earth Elementalist began the quest
                  | for the Orb.
     0 | D:1      | Reached XP level 1. HP: 14/14 MP: 3/3
   133 | D:1      | Reached skill level 1 in Fighting
   273 | D:1      | Reached XP level 2. HP: 23/23 MP: 3/5
   590 | D:1      | Reached XP level 3. HP: 29/29 MP: 4/6
   709 | D:1      | Learned a level 3 spell: Stone Arrow
  1429 | D:2      | Learned a level 2 spell: Passwall
  1727 | D:2      | Reached skill level 4 in Earth Magic
  2112 | D:3      | Reached XP level 4. HP: 37/37 MP: 5/7
  2758 | D:3      | Identified the +1 chain mail "Naonem" {rC+}
  3220 | D:4      | Found a bloodstained altar of Trog.
  3222 | D:4      | Found an ancient bone altar of Kikubaaqudgha.
  3223 | D:4      | Found a hazy altar of Hepliaklqana.
  3225 | D:4      | Found a stormy altar of Qazlal.
  3296 | D:4      | Became a worshipper of Qazlal Stormbringer
  3335 | D:4      | Reached skill level 1 in Conjurations
  3400 | D:4      | Found a shadowy altar of Dithmenos.
  3464 | D:4      | Reached XP level 5. HP: 45/45 MP: 5/8
  3729 | D:4      | Found a blossoming altar of Fedhas.
  3730 | D:4      | Found a basalt altar of Yredelemnul.
  3730 | D:4      | Found a white marble altar of Elyvilon.
  3767 | D:4      | Found the +7 Throatcutter {drain, coup de grace}
  3783 | D:4      | HP: 1/45 [poisoned by a kobold brigand (curare-tipped
                  | dart)]
  3784 | D:3      | Succumbed to a kobold brigand's curare-tipped dart

Illustrated notes

Levels and vault maps discovered:
D:1:      dpeg_arrival_solitude, layout_basic, minivault_27
D:2:      minmay_chambers_of_ones, layout_loops_ring, grunt_ministairs_15,
          feat_on_display
D:3:      layout_basic, hangedman_decor_points
D:4:      layout_basic, mainiacjoe_overflow_alcove_3,
          nicolae_dithmenos_shadow_blocks, grunt_temple_overflow_open,
          chequers_garden, dilly_guarded_unrand_throatcut

Skill      XL: |  1  2  3  4 |
---------------+-------------+-----
Fighting       | 1 2 3 |  3.3
Earth Magic    | 4 |  4.4
Conjurations   | 1 |  1.9
Dodging        | |  1.7
Stealth        | |  1.7
Spellcasting   | |  2.0
Transmutations | |  1.0

Action                   |  1- 3 |  4- 6 || total
-------------------------+-------+-------++-------
Melee: Unarmed           |     7 |       ||     7
       Short sword       |     1 |     3 ||     4
 Cast: Sandblast         |    53 |    29 ||    82
       Passwall          |     1 |       ||     1
  Use: Scroll            |       |    13 ||    13
Armor: Skin              |     8 |     4 ||    12
Dodge: Dodged            |    22 |    11 ||    33

Table legend: (Time is in decaauts)
 A = Elapsed time spent in this place.
 B = Non-inter-level travel time spent in this place.
 C = Inter-level travel time spent in this place.
 D = Time resting spent in this place.
 E = Time spent auto-exploring this place.
 F = Levels seen in this place.
 G = Mean time per level.
                   A        B        C        D        E       F      G
               +--------+--------+--------+--------+--------+-----+--------+
         Total |   3826 |   3765 |     61 |    449 |   2713 |   4 |  956.5 |
       Dungeon |   3826 |   3765 |     61 |    449 |   2713 |   4 |  956.5 |
               +--------+--------+--------+--------+--------+-----+--------+

Top non-repeatable levels by time:
     D:1: 1247 daAuts
     D:3: 890 daAuts
     D:2: 888 daAuts
     D:4: 800 daAuts
